 Dungeon Crawl Stone Soup version 0.22-a0-246-gdc04c06 (webtiles) character file.

207 Amnesiac the Charlatan (level 5, 0/26 HPs)
             Began as a Spriggan Artificer on Feb 22, 2018.
             Was an Initiate of Gozag.
             Slain by a gnoll
             ... wielding a +0 spear
              (9 damage)
             ... on level 2 of the Dungeon.
             The game lasted 00:09:25 (3301 turns).

Amnesiac the Charlatan (Spriggan Artificer)         Turns: 3301, Time: 00:09:25

Health: 0/26       AC:  2    Str:  9    XL:     5   Next: 54%
Magic:  10/10      EV: 20    Int: 13    God:    Gozag
Gold:   162        SH:  0    Dex: 16    Spells: 1/4 levels left

rFire    . . .     SeeInvis +   a - +2 dagger (protect)
rCold    . . .     Gourm    .   (shield restricted)
rNeg     . . .     Faith    .   b - +0 robe
rPois    .         Spirit   .   (helmet restricted)
rElec    .         Reflect  .   (no cloak)
rCorr    .         Harm     .   (gloves unavailable)
MR       .....                  (boots unavailable)
Stlth    ++........             (no amulet)
HPRegen  0.08/turn              (no ring)
MPRegen  0.12/turn              (no ring)

@: very quick
A: very small, unfitting armour, see invisible, herbivore, speed 3, slow
metabolism 2
a: Potion Petition, Call Merchant, Bribe Branch, Renounce Religion


You were on level 2 of the Dungeon.
You worshipped Gozag.
Gozag was aware of your devotion.
You were very full.

You visited 2 branches of the dungeon, and saw 5 of its levels.

You collected 193 gold pieces.
You paid 31 gold pieces to Gozag.

Inventory:

Hand Weapons
 a - a +2 dagger of protection (weapon)
 l - a +1 vampiric dagger
 r - a +1 war axe of distortion
Missiles
 h - 142 stones (quivered)
 k - 8 tomahawks
 n - 24 poisoned needles
Armour
 b - a +0 robe (worn)
Wands
 c - a wand of flame (9)
 d - a wand of enslavement (11)
 e - a wand of random effects (14)
Scrolls
 g - a scroll of identify {!r}
 m - a scroll of teleportation {!r}
 p - a scroll of immolation {!r}
Potions
 i - a potion of agility {!q}
 j - a potion of lignification {!q, unknown}
 o - a potion of heal wounds {!q, unknown}
 q - a potion of magic {!q, unknown}
Comestibles
 f - a ration


   Skills:
 + Level 2.1 Fighting
 - Level 2.0 Short Blades
 + Level 4.7 Dodging
 - Level 2.0 Stealth
 * Level 6.3 Evocations


You had one spell level left.
You knew the following spells:

 Your Spells              Type           Power        Failure   Level  Hunger
a - Apportation           Tloc           #.....       30%         1    ##.....
b - Summon Small Mammal   Summ           #...         30%         1    ##.....
z - Confusing Touch       Hex            #.....       30%         1    ##.....


Dungeon Overview and Level Annotations

Branches:
Dungeon (4/15)             Temple (1/1) D:4

Altars:
Gozag
Okawaru

Annotations:
D:3 Grinder
D:4 Edmund; anet's ghost, amateur DEWz


Innate Abilities, Weirdness & Mutations

You are very small and have problems with some larger weapons.
You are too small for most types of armour.
You have supernaturally acute eyesight. (SInv)
You are a herbivore.
You cover ground extremely quickly.
You need consume almost no food.


Message History

The gnoll is severely wounded.
The gnoll hits you with a club.
You barely miss the gnoll.
The gnoll is severely wounded.
You hit the gnoll.
The gnoll is severely wounded.
The gnoll closely misses you.
You hit the gnoll.
The gnoll is almost dead.
The gnoll is distracted by the nearby gold.
The gnoll is no longer distracted by gold.
You start resting.
You are feeling hungry.
You start resting.
You eat one of the 5 rations.
That ration really hit the spot!
You eat one of the 4 rations.
That ration really hit the spot!
You eat one of the 3 rations.
That ration really hit the spot!
You eat one of the 2 rations.
That ration really hit the spot!
You swing at nothing.
You closely miss the gnoll.
The gnoll is almost dead.
The gnoll closely misses you.
You closely miss the gnoll.
The gnoll is almost dead.
You hit the gnoll.
Your weapon exudes an aura of protection.
The gnoll is almost dead.
The gnoll hits you with a club.
Grinder blinks!
You hit the gnoll.
You kill the gnoll!
You swing at nothing.
You hit the gnoll.
The gnoll is lightly wounded.
The gnoll completely misses you.
You barely miss the gnoll.
The gnoll is lightly wounded.
The gnoll closely misses you.
You hit the gnoll.
The gnoll is moderately wounded.
The gnoll hits you but does no damage.
You hit the gnoll but do no damage.
The gnoll is moderately wounded.
The gnoll misses you.
You barely miss the gnoll.
The gnoll is moderately wounded.
The gnoll hits you but does no damage.
You hit the gnoll.
The gnoll is moderately wounded.
You closely miss the gnoll.
The gnoll is moderately wounded.
Grinder blinks!
The gnoll closely misses you.
There is a stone staircase leading up here.
You swing at nothing.
The gnoll hits you with a whip!
* * * LOW HITPOINT WARNING * * *
There is a stone staircase leading up, spattered with blood here.
Grinder says, "Are you a fish?" The gnoll completely misses you.
The gnoll misses you.
You climb upwards.
There is a stone staircase leading down here.
The gnoll hits you from afar with a spear!
You die...
Your body crumbles into a pile of gold.

....######.........#
....# #.###.###.#
...## #.# #.#.#.#
...# #.# #..#..#
.#+## #.# ###.#.#
#...## #.#####.#.#
.....## #.....g.g.#
......## ###.###>###
.......####...##@#
.......'.......#.#
.......####...##.#
>.....## ##.###.#
.....##### #####.###
#...#....# #.....#
##+##.##.# ##.#.#.#
##.##.##.# #.###..#
......##.#####.#.#.#


You could see 2 gnolls.

Vanquished Creatures
  An orc priest (D:4)
  2 gnolls
  6 adders
  6 oozes
  3 dart slugs (D:1)
  A leopard gecko (D:2)
  6 bats
  2 giant cockroaches
  6 goblins
  5 hobgoblins
  A quokka (D:2)
  A frilled lizard (D:1)
  3 kobolds (D:1)
  8 rats
51 creatures vanquished.

Vanquished Creatures (collateral kills)
  A scorpion (D:4)
1 creature vanquished.

Grand Total: 52 creatures vanquished

Notes
Turn   | Place    | Note
-------+----------+-------------------------------------------
     0 | D:1      | Amnesiac the Spriggan Artificer began the quest for the Orb.
     0 | D:1      | Reached XP level 1. HP: 9/9 MP: 4/4
    86 | D:1      | Reached XP level 2. HP: 4/14 MP: 6/6
   132 | D:1      | Reached skill level 1 in Fighting
   710 | D:2      | Reached XP level 3. HP: 18/18 MP: 7/7
   817 | D:2      | Reached skill level 5 in Evocations
  1178 | D:2      | Reached XP level 4. HP: 20/22 MP: 8/8
  1248 | D:3      | Learned a level 1 spell: Apportation
  1250 | D:3      | Learned a level 1 spell: Confusing Touch
  1252 | D:3      | Learned a level 1 spell: Summon Small Mammal
  1422 | D:3      | Noticed Grinder
  1545 | D:4      | Noticed anet's ghost (amateur DEWz)
  1571 | D:4      | Found a staircase to the Ecumenical Temple.
  1694 | D:4      | Noticed Edmund
  1703 | D:4      | Reached XP level 5. HP: 18/26 MP: 10/10
  1730 | Temple   | Entered the Ecumenical Temple
  1745 | Temple   | Became a worshipper of Gozag Ym Sagoz the Greedy
  2166 | D:1      | Reached skill level 6 in Evocations
  2479 | D:2      | Found a faded altar of an unknown god.
  3301 | D:2      | Slain by a gnoll

Vault maps used:
D:1:      evilmike_arrival_home_sweet_home
D:2:      chequers_ecumenical_altar_simple, first_ration, fountainhead
D:3:      minmay_goblin_kobold_house, uniq_crazy_yiuf_cottage, uniq_robin,
          uniq_grinder
D:4:      temple_fountains, corexii_hall_statues_x, minmay_misc_feat_plants,
          uniq_edmund, uniq_ijyb
Temple:   roderic_octagonal_lattice_temple

Skill      XL: |  1  2  3  4  5 |
---------------+----------------+-----
Stealth        | 2 |  2.0
Fighting       | 1 2 |  2.1
Evocations     | 5 6 |  6.3
Short Blades   | 2 |  2.0
Dodging        | 4 |  4.7

Action                   |  1- 3 |  4- 6 || total
-------------------------+-------+-------++-------
Melee: Short sword       |    33 |       ||    33
       Dagger            |    87 |   145 ||   232
       Unarmed           |       |     2 ||     2
 Cast: Confusing Touch   |       |     2 ||     2
       Summon Small Mamm |       |     1 ||     1
Evoke: Wand              |     3 |     8 ||    11
  Use: Scroll            |       |     5 ||     5
       Potion            |       |     2 ||     2
 Stab: Sleeping          |     3 |     5 ||     8
       Confused          |       |     2 ||     2
  Eat: Ration            |       |     4 ||     4
Armor: Robe              |    15 |    25 ||    40
Dodge: Dodged            |   106 |   150 ||   256

Table legend:
 A = Spawn XP
 B = Non-spawn XP
 C = Spawn XP percentage of total XP
 D = Spawn monster count
 E = Non-spawn monster count
 F = Spawn count percentage of total count
 G = Total turns spent on level
                    A         B        C        D         E        F      G
               +---------+---------+-------+---------+---------+-------+---------
         Total |       0 |     296 |   0.0 |       0 |      52 |   0.0 |  3301
               +---------+---------+-------+---------+---------+-------+---------
           D:1 |       0 |      65 |   0.0 |       0 |      25 |   0.0 |  1408
           D:2 |       0 |     115 |   0.0 |       0 |      21 |   0.0 |  1191
           D:3 |       0 |      30 |   0.0 |       0 |       3 |   0.0 |   339
           D:4 |       0 |      86 |   0.0 |       0 |       3 |   0.0 |   333
               +---------+---------+-------+---------+---------+-------+---------
